AoeStats
← Didi

Arabia

510217233Analyzed
4v4 RM · 3d ago on Sep 30, 2026· 23m 54s· 8 players
Game mode
Random Map
Map size
Large (8 player)
Population
200
Speed
Normal
Resources
Standard
Victory
Conquest
Starting age
Dark Age
Ending age
Imperial Age
RankedLock teamsTeams togetherTeam positionsShared explorationLock speedFull tech treeHidden civsTurbo modeCheats
Victory
Defeat
🇧🇷 Ethiopians · Brazil
1856
+4
🇧🇷 Persians · Brazil
1752
+7
🇧🇷 Varangians · Brazil
1730
+8
🇧🇷 Saxons · Brazil
1568
+12
🇦🇷 Ethiopians · Argentina
1633
-11
🇪🇸 Saxons · Spain
1515
-7
🇨🇳 Magyars · China
1513
-7
🇦🇺 Magyars · Australia
1451
-6
enzoyin68
8:51 Feudal Age
8:37 Loom
9:23 Double-Bit Axe
13:31 Horse Collar
15:30 Scale Barding Armor
19:31 Wheelbarrow
Didi
5:27 Loom
9:40 Feudal Age
10:23 Double-Bit Axe
12:07 Fletching
15:32 Gold Mining
16:40 Padded Archer Armor
Wolf Knight
6:19 Loom
6:43 Loom
9:10 Feudal Age
11:44 Double-Bit Axe
11:43 Horse Collar
17:05 Fletching
24:36 Castle Age
23:48 Padded Archer Armor
gifted
8:09 Loom
10:26 Feudal Age
11:33 Double-Bit Axe
22:25 Bloodlines
22:23 Scale Barding Armor
Fs.China
6:14 Loom
8:39 Feudal Age
12:41 Fletching
18:27 Padded Archer Armor
23:07 Castle Age
23:09 Crossbowman
23:45 Bodkin Arrow
23:36 Double-Bit Axe
24:32 Thumb Ring
Fs.TARTARUGA VELOZ
6:56 Loom
9:19 Feudal Age
10:37 Double-Bit Axe
12:16 Fletching
13:43 Horse Collar
23:12 Castle Age
22:03 Gold Mining
23:18 Crossbowman
23:54 Bodkin Arrow
24:14 Padded Archer Armor
24:54 Wheelbarrow
24:04 Town Watch
Fs.guischmitt
6:40 Loom
8:55 Feudal Age
9:46 Double-Bit Axe
12:52 Bloodlines
20:44 Castle Age
18:44 Gold Mining
19:59 Scale Barding Armor
20:50 Light Cavalry
22:07 Chain Barding Armor
21:47 Horse Collar
23:37 Forging
Fs.Diablo
8:43 Feudal Age
9:04 Loom
9:21 Double-Bit Axe
9:17 Horse Collar
24:14 Castle Age
22:21 Gold Mining
23:09 Bloodlines
23:21 Scale Barding Armor
23:57 Forging
Connection lost

Rejoining the realm…

Still unreachable

The connection could not be restored.

Session expired

The server has moved on; the page needs a fresh start.